 Dungeon Crawl Stone Soup version 0.32-a0-918-g0f22ef8d61 (webtiles) character file.

Game seed: 1747478069349691021

17199 Shayle the Prestidigitator (level 12, -10/91 HPs)
             Began as a Coglin Alchemist on Apr 10, 2024.
             Was an Elder of Makhleb.
             Mangled by a death yak simulacrum (27 damage)
             ... in an ice cave.
             The game lasted 00:47:06 (12779 turns).

Shayle the Prestidigitator (Coglin Alchemist)      Turns: 12779, Time: 00:47:07

Health: -10/91     AC: 22    Str: 11    XL:     12   Next: 45%
Magic:  18/18      EV:  6    Int: 17    God:    Makhleb [****..]
Gold:   1863       SH:  0    Dex: 15    Spells: 18/19 levels left

rFire   . . .        c - staff of conjuration {Edwyna}
rCold   . . .        q - +2 dagger (drain) {Santos}
rNeg    . . .        i - +5 chain mail "Siujate" {rElec}
rPois   .            m - +0 helmet
rElec   +            p - scarf {repulsion}
rCorr   .            w - +2 pair of gloves {hurl}
SInv    .            k - +0 pair of boots
Will    .....        (amulet unavailable) Stlth
                     (ring unavailable)
HPRegen 0.35/turn    (ring unavailable)
MPRegen 0.16/turn    (no gizmo)

%: repel missiles
@: revved
A: off-hand wielding, slow wielding, warmup strikes, no jewellery
a: Invent Gizmo, Renounce Religion, Minor Destruction, Lesser Servant of
Makhleb, Major Destruction


You were in an ice cave.
You worshipped Makhleb.
Makhleb was greatly pleased with you.
You visited 4 branches of the dungeon, and saw 13 of its levels.
You also visited: Bailey and Ice Cave.

You collected 1863 gold pieces.

Inventory:

Hand Weapons
 d - a +0 whip {Cashile}
 g - a +1 rapier of speed
 j - a +5 broad axe
 l - a +3 dagger
 n - a +0 dagger of venom
 q - a +2 dagger of draining (offhand) {Santos}
 s - a +0 demon blade
 B - the +7 sling of Imizxo {elec, rElec Dex+4}
   (You found it on level 5 of the Dungeon)

   Dex+4:     It affects your dexterity (+4).
   rElec:     It insulates you from electricity.
 G - a +1 scimitar of draining
Missiles
 y - 5 curare-tipped darts
 E - 2 throwing nets
Armour
 a - a +0 robe
 i - the +5 chain mail "Siujate" (worn) {rElec}
   (You found it on level 2 of the Dungeon)

   rElec:     It insulates you from electricity.
 k - a +0 pair of boots (worn)
 m - a +0 helmet (worn)
 p - a scarf of repulsion (worn)
 w - a +2 pair of gloves of hurling (worn)
 A - a +0 pair of gloves
 H - +0 acid dragon scales
Magical Staves
 c - a staff of conjuration (weapon) {Edwyna}
Wands
 f - a wand of paralysis (8)
 t - a wand of mindburst (1)
 x - a wand of polymorph (8)
 F - a wand of quicksilver (5)
Scrolls
 e - a scroll of butterflies
 C - 2 scrolls of enchant armour {unknown}
 J - 2 scrolls of brand weapon {unknown}
 K - a scroll of immolation {unknown}
 N - a scroll of blinking {unknown}
 O - a scroll of fog
 P - a scroll of fear
Potions
 b - 3 potions of magic
 h - a potion of brilliance
 o - 2 potions of degeneration
 r - 2 potions of resistance
 u - 2 potions of haste
 v - 2 potions of might
 z - a potion of berserk rage
 I - a potion of cancellation {unknown}
 M - 4 potions of ambrosia


   Skills:
 - Level 7.6 Fighting
 + Level 9.2 Staves
 - Level 8.2 Armour
 - Level 2.2 Dodging
 - Level 1.5 Stealth
 - Level 4.2 Spellcasting
 - Level 8.4 Conjurations
 - Level 3.2 Alchemy
 - Level 10.1 Evocations


You had 18 spell levels left.
You knew the following spells:

 Your Spells              Type           Power      Damage    Failure   Level
a - Sting                 Conj/Alch      100%       1d9       26%         1

Your spell library contained the following spells:

 Spells                   Type           Power      Damage    Failure   Level
 Magic Dart               Conj           100%       1d8       9%          1
 Static Discharge         Conj/Air       54%        3-6/arc   61%         2
 Dazzling Flash           Conj/Hex       54%        N/A       83%         3
 Hailstorm                Conj/Ice       27%        3d8       83%         3
 Mephitic Cloud           Conj/Alch/Air  25%        N/A       87%         3
 Mercury Vapours          Alch/Air       18%        N/A       92%         2
 Fulminant Prism          Conj/Alch      17%        3d10      95%         4
 Blink                    Tloc           6%         N/A       99%         2
 Call Imp                 Summ           6%         N/A       99%         2
 Summon Ice Beast         Ice/Summ       3%         N/A       100%        3
 Volatile Blastmotes      Fire/Tloc      6%         2d10      100%        3
 Airstrike                Air            1%         2d(1-17)  100%        4
 Olgreb's Toxic Radiance  Alch           14%        N/A       100%        4
 Sticky Flame             Fire/Alch      9%         2d5       100%        4
 Summon Blazeheart Golem  Fire/Summ      3%         N/A       100%        4
 Summon Lightning Spire   Summ/Air       3%         N/A       100%        4
 Curse of Agony           Necr           3%         N/A       100%        5
 Silence                  Hex/Air        1%         N/A       100%        5
 Permafrost Eruption      Ice/Erth       1%         2x4d2     100%        6
 Sculpt Simulacrum        Ice/Alch       4%         N/A       100%        6


Dungeon Overview and Level Annotations

Branches:
Dungeon (9/15)             Temple (1/1) D:7            Lair (2/5) D:9
    Orc (1/2) D:9          Bailey (visited)           IceCv (1/1)
  Swamp: Lair:2-3    Shoals: Lair:2-3     Snake: Lair:2-3    Spider: Lair:2-3

Altars:
Ashenzari
Cheibriados
Dithmenos
Fedhas
Gozag
Hepliaklqana
Kikubaaqudgha
Makhleb
Nemelex Xobeh
Okawaru
Qazlal
Ru
Sif Muna
Trog
Uskayaw
Vehumet
Xom
Yredelemnul
Zin
The Shining One

Shops:
D:1 =

Annotations:
D:4 1 runed translucent door, Crazy Yiuf
D:7 2 transporters, osoart's ghost, novice TeAE


Innate Abilities, Weirdness & Mutations

You can wield a second weapon in your off-hand.
It takes a long time for you to wield or remove held weapons.
Your first few attacks do less damage.
You cannot equip rings or amulets.


Message History

You hit the wolf simulacrum but do no damage.
You blast the wolf simulacrum.
The wolf simulacrum bites you but does no damage.
You hit the wolf simulacrum with your staff of conjuration.
You blast the wolf simulacrum!
The wolf simulacrum vaporises!
Makhleb accepts your kill.
You feel better.
You hit the death yak simulacrum but do no damage. x2
You blast the death yak simulacrum.
You hit the death yak simulacrum but do no damage.
The death yak simulacrum is lightly damaged.
You hit the death yak simulacrum but do no damage.
The death yak simulacrum gores you but does no damage.
You hit the death yak simulacrum but do no damage.
The death yak simulacrum is lightly damaged.
You hit the death yak simulacrum but do no damage.
You blast the death yak simulacrum.
The death yak simulacrum gores you. The death yak simulacrum freezes you!!
You hit the death yak simulacrum but do no damage.
The death yak simulacrum is moderately damaged.
You hit the death yak simulacrum with your staff of conjuration.
You blast the death yak simulacrum!
You hit the death yak simulacrum but do no damage.
The death yak simulacrum is heavily damaged.
You hit the death yak simulacrum but do no damage.
The death yak simulacrum gores you but does no damage.
You hit the death yak simulacrum but do no damage.
The death yak simulacrum is heavily damaged.
You hit the death yak simulacrum but do no damage.
The death yak simulacrum gores you! The death yak simulacrum freezes you!!
* * * LOW HITPOINT WARNING * * *
Unknown command.
You hit the death yak simulacrum but do no damage.
The death yak simulacrum is heavily damaged.
You hit the death yak simulacrum with your staff of conjuration.
You blast the death yak simulacrum!
The death yak simulacrum gores you.
* * * LOW HITPOINT WARNING * * *
The death yak simulacrum freezes you!!
You die...

# .. #### ...
##..###### ....
##....##..## ##.....
#..........###....Z..
#.∩.∩......@#.....Z..
#.......##..ZZ##..Z..
##....#####..## ...
##..## #..## .
#####≈≈≈≈≈# #≈≈≈≈≈≈≈#
#≈≈≈≈≈### #≈#≈###
##..


You could see a death yak simulacrum and a troll simulacrum.

Vanquished Creatures
  An orc warlord (Bailey)
  A hydra (Lair:2)
  3 two-headed ogres
  An ogre mage (D:9)
  A death yak (D:9)
  4 ugly things
  A cyclops (D:7)
  4 cane toads (Lair:1)
  Maggie (D:6)
  Psyche (D:8)
  2 rime drakes (Lair:2)
  Sigmund (D:4)
  3 wyverns
  4 yaks
  4 vampire mosquitoes (D:9)
  A steam dragon (D:8)
  2 basilisks
  2 death yak simulacra (IceCv)
  Menkaure (D:4)
  4 water moccasins
  Duvessa (D:4)
  8 black bears
  8 orc warriors (Bailey)
  3 sky beasts
  5 ice beasts
  An ogre (D:9)
  2 centaurs
  2 phantoms
  A kobold brigand (D:6)
  2 bullfrogs (D:9)
  A gnoll sergeant (D:9)
  A brain worm (shapeshifter) (D:9)
  5 scorpions
  A two-headed ogre simulacrum (IceCv)
  3 wights (D:8)
  Dowan (D:4)
  10 killer bees
  5 howler monkeys
  2 bombardier beetles
  A bullfrog zombie (D:6)
  2 hounds
  2 sleepcaps
  An orc priest (D:9)
  A gnoll bouda (D:7)
  4 iguanas
  8 orc wizards
  Ijyb (D:3)
  2 polar bear simulacra (IceCv)
  A killer bee zombie (D:6)
  A wolf simulacrum (IceCv)
  Robin (D:4)
  17 gnolls
  5 adders
  A white imp (D:7)
  2 ufetubi (D:6)
  2 ribbon worms
  3 dart slugs
  27 orcs
  6 endoplasms
  4 giant cockroaches
  26 goblins
  19 hobgoblins
  12 kobolds
  2 quokkas
  4 ball pythons
  A bat (D:1)
  2 frilled lizards
  4 rats
266 creatures vanquished.

Vanquished Creatures (collateral kills)
  3 yaks (Lair:1)
  3 orc warriors (Bailey)
  A gnoll (Bailey)
  2 orcs (Bailey)
9 creatures vanquished.

Vanquished Creatures (others)
  An orc wizard (D:8)
1 creature vanquished.

Grand Total: 276 creatures vanquished

Notes
Turn   | Place    | Note
-------+----------+-------------------------------------------
     0 | D:1      | Shayle the Coglin Alchemist began the quest for the Orb.
     0 | D:1      | Reached XP level 1. HP: 13/13 MP: 3/3
    19 | D:1      | Found Omeill's Jewellery Boutique.
    96 | D:1      | Reached skill level 1 in Conjurations
   204 | D:1      | Reached XP level 2. HP: 20/20 MP: 4/4
   471 | D:1      | Reached skill level 1 in Evocations
   855 | D:2      | Found a faded altar of an unknown god.
   891 | D:2      | Reached skill level 1 in Fighting
   891 | D:2      | Reached XP level 3. HP: 26/26 MP: 0/5
  1208 | D:2      | Identified the +5 chain mail "Siujate" {rElec}
  1380 | D:2      | Reached skill level 1 in Staves
  1830 | D:3      | Noticed Ijyb
  1906 | D:2      | Reached XP level 4. HP: 14/32 MP: 6/6
  1990 | D:3      | Paralysed by Ijyb for 4 turns
  2014 | D:3      | Paralysed by Ijyb for 3 turns
  2021 | D:3      | Paralysed by Ijyb for 3 turns
  2037 | D:3      | Paralysed by Ijyb for 3 turns
  2048 | D:3      | Killed Ijyb
  2049 | D:3      | Reached skill level 2 in Evocations
  2213 | D:3      | Noticed Robin
  2312 | D:4      | Noticed a phantom
  2366 | D:4      | Reached skill level 1 in Armour
  2583 | D:4      | Reached XP level 5. HP: 23/38 MP: 7/7
  2771 | D:4      | Killed Robin
  2893 | D:3      | Found a burning altar of Makhleb.
  2935 | D:3      | Became a worshipper of Makhleb the Destroyer
  3262 | D:4      | Noticed Menkaure
  3517 | D:5      | Entered Level 5 of the Dungeon
  3543 | D:5      | Reached skill level 3 in Evocations
  3543 | D:5      | Reached XP level 6. HP: 29/44 MP: 8/8
  3717 | D:5      | Found a broken altar of Ashenzari.
  3956 | D:5      | Reached XP level 7. HP: 51/51 MP: 9/9
  4056 | D:5      | Reached skill level 4 in Evocations
  4171 | D:4      | Reached * piety under Makhleb
  4230 | D:4      | Noticed Duvessa
  4260 | D:4      | Killed Duvessa
  4327 | D:4      | Reached XP level 8. HP: 49/58 MP: 10/10
  4396 | D:4      | Noticed Dowan
  4397 | D:4      | Found a snail-covered altar of Cheibriados.
  4420 | D:4      | Killed Dowan
  4421 | D:4      | Reached skill level 5 in Evocations
  4438 | D:4      | Killed Menkaure
  4525 | D:4      | Noticed Sigmund
  4531 | D:4      | Killed Sigmund
  4663 | D:4      | Found a runed translucent door.
  4664 | D:4      | Noticed Crazy Yiuf
  4911 | D:5      | Identified the +7 sling of Imizxo {elec, rElec Dex+4}
  4927 | D:5      | Found a hide-covered altar of Uskayaw.
  4956 | D:5      | Found a glowing golden altar of the Shining One.
  5192 | D:5      | Reached skill level 6 in Evocations
  5349 | D:6      | Reached XP level 9. HP: 62/66 MP: 11/11
  5498 | D:6      | Reached skill level 5 in Fighting
  5717 | D:6      | Found a shimmering blue altar of Sif Muna.
  5756 | D:6      | Noticed Maggie
  5770 | D:6      | Killed Maggie
  5771 | D:6      | Reached skill level 5 in Conjurations
  5771 | D:6      | Reached skill level 7 in Evocations
  6179 | D:6      | Found a basalt altar of Yredelemnul.
  6278 | D:7      | Reached skill level 5 in Staves
  6339 | D:7      | Found a transporter.
  6341 | D:7      | Noticed osoart's ghost (novice TeAE)
  6342 | D:7      | Noticed a two-headed ogre
  6343 | D:7      | Found a bloodstained altar of Trog.
  6343 | D:7      | Noticed a moth of wrath
  6361 | D:7      | Found a transporter.
  6395 | D:7      | Found a sparkling altar of Nemelex Xobeh.
  6427 | D:7      | Reached ** piety under Makhleb
  6438 | D:7      | Found a glowing silver altar of Zin.
  6438 | D:7      | Noticed an angel
  6495 | D:7      | Reached skill level 5 in Armour
  6718 | D:7      | Found an ancient bone altar of Kikubaaqudgha.
  6731 | D:7      | Noticed a cyclops
  6761 | D:7      | Killed a cyclops
  6762 | D:7      | Reached XP level 10. HP: 57/76 MP: 12/12
  6930 | D:7      | Found a staircase to the Ecumenical Temple.
  6940 | Temple   | Entered the Ecumenical Temple
  7229 | D:7      | Reached skill level 8 in Evocations
  7332 | D:7      | Found a stormy altar of Qazlal.
  7586 | D:8      | Noticed Psyche
  7593 | D:8      | Killed Psyche
  7687 | D:8      | Noticed a two-headed ogre
  7709 | D:8      | Killed a two-headed ogre
  7977 | D:8      | Found a flagged portal.
  7997 | Bailey   | Entered a bailey
  8065 | Bailey   | Reached *** piety under Makhleb
  8100 | Bailey   | Reached skill level 9 in Evocations
  8601 | Bailey   | Noticed an orc warlord
  8615 | Bailey   | Killed an orc warlord
  8616 | Bailey   | Reached XP level 11. HP: 38/84 MP: 13/13
  8640 | Bailey   | Acquired Sif Muna's Tractate on the Amorphous Pyromaniac
  8648 | Bailey   | Acquired 885 gold pieces
  8683 | Bailey   | Acquired a scarf of repulsion
  9333 | D:9      | Noticed a two-headed ogre
  9456 | D:9      | Killed a two-headed ogre
  9479 | D:9      | Noticed a green ugly thing
  9500 | D:8      | Killed a green ugly thing
  9501 | D:8      | Reached skill level 10 in Evocations
 10086 | D:9      | Found a staircase to the Orcish Mines.
 10096 | Orc:1    | Entered Level 1 of the Orcish Mines
 10248 | D:9      | Noticed a death yak
 10266 | D:9      | Killed a death yak
 10271 | D:9      | Noticed an entropy weaver
 10356 | D:9      | Noticed a two-headed ogre
 10370 | D:9      | Killed a two-headed ogre
 10528 | D:9      | Reached **** piety under Makhleb
 10659 | D:9      | Noticed a purple ugly thing
 10660 | D:9      | Noticed a cyan ugly thing
 10660 | D:9      | Noticed an ogre mage
 10679 | D:9      | Killed an ogre mage
 10747 | D:9      | Killed a purple ugly thing
 10767 | D:9      | Killed a cyan ugly thing
 10896 | D:9      | Noticed a purple ugly thing
 10907 | D:9      | Killed a purple ugly thing
 11010 | D:9      | Reached XP level 12. HP: 45/91 MP: 17/17
 11217 | D:9      | Found a staircase to the Lair.
 11266 | Lair:1   | Entered Level 1 of the Lair of Beasts
 11948 | Lair:1   | HP: 3/91 [smoke demon][the player character] (7)]
 12466 | Lair:2   | Noticed a four-headed hydra
 12478 | Lair:2   | Killed a four-headed hydra
 12508 | Lair:2   | Found a frozen archway.
 12525 | IceCv    | Entered an ice cave
 12779 | IceCv    | Mangled by a death yak simulacrum

Illustrated notes

Levels and vault maps discovered:
D:1:      saegor_arrival_simple_b, layout_loops_ring, serial_shops, shop
D:2:      layout_loops_corners, dreamdust_ecumenical_altar_grove,
          minmay_pentomino_x2
D:3:      layout_rooms, mainiacjoe_overflow_brackets, nicolae_the_louvre,
          uniq_robin, uniq_ijyb
D:4:      layout_cave_pools, cheibriados_altar_1, uniq_sigmund,
          uniq_crazy_yiuf_cottage, uniq_duvessa, uniq_menkaure
D:5:      layout_loops_cross, lemuel_round_altar, overflow_temple_1_default,
          mainiacjoe_overflow_chevrons, minmay_stone_trees_medium
D:6:      layout_loops_ring, lemuel_blue_sif_altar,
          lemuel_zombie_altar_yredelemnul, uniq_maggie
D:7:      layout_basic, nemelex_xobeh_ov_fountains_minmay, kennysheep_mini,
          mainiacjoe_overflow_tiny_flanked, zin_angel,
          minmay_temple_entry_antechambers, gammafunk_ghost_wrathful_warriors
D:8:      layout_loops_ring, enter_bailey_2, uniq_psyche
D:9:      regret_index_malice_mire, layout_rooms,
          nicolae_overflow_hidden_temple, david_lair_generic, minivault_11,
          hangedman_decor_push, kennysheep_another_room
Temple:   nicolae_temple_cloud_nine
Lair:1:   layout_roguey, wad_woods_road_05
Lair:2:   layout_layer_cave, dummy_snake_entry, portal_ice_cave_rime,
          basic_altar, grunt_megastairs_2, infiniplex_staircase_pool_2,
          serial_bayou_shore_b, uniq_nergalle, uniq_sonja
Orc:1:    layout_caves
IceCv:    ice_cave_small_necro

Skill      XL: |  1  2  3  4  5  6  7  8  9 10 11 12 |
---------------+-------------------------------------+-----
Conjurations   | 1 2 3 4 5 6 8 |  8.4
Dodging        | 2 |  2.2
Evocations     | 1 2 3 4 6 7 9 10 | 10.1
Fighting       | 1 2 3 4 5 7 |  7.6
Staves         | 1 2 3 4 5 6 7 9 |  9.2
Armour         | 1 2 3 4 5 6 7 8 |  8.2
Spellcasting   | 3 4 |  4.2
Stealth        | |  1.5
Alchemy        | |  3.2

Action                     |  1- 3 |  4- 6 |  7- 9 | 10-12 || total
---------------------------+-------+-------+-------+-------++-------
  Melee: Staff             |    72 |   207 |   271 |   524 ||  1074
         Whip              |    69 |   145 |       |       ||   214
         Dagger            |       |    69 |   276 |   509 ||   854
   Cast: Sting             |    30 |       |       |       ||    30
 Invoke: Lesser Servant of |       |       |       |     5 ||     5
  Evoke: Wand              |       |       |     5 |    23 ||    28
    Use: Scroll            |       |     3 |    11 |    12 ||    26
         Potion            |       |     1 |       |    10 ||    11
   Stab: Sleeping          |     2 |       |       |       ||     2
         Paralysed         |       |       |    17 |    45 ||    62
 Armour: Robe              |    15 |       |       |       ||    15
         Chain mail        |    73 |   213 |   292 |   528 ||  1106
  Dodge: Dodged            |    35 |    41 |    74 |   177 ||   327
         Repelled          |       |       |       |     2 ||     2

Table legend: (Time is in decaauts)
 A = Elapsed time spent in this place.
 B = Non-inter-level travel time spent in this place.
 C = Inter-level travel time spent in this place.
 D = Time resting spent in this place.
 E = Time spent auto-exploring this place.
 F = Levels seen in this place.
 G = Mean time per level.
                   A        B        C        D        E       F      G
               +--------+--------+--------+--------+--------+-----+--------+
         Total |  12780 |  12457 |    323 |   3529 |   5446 |  15 |  852.0 |
       Dungeon |  10436 |  10157 |    279 |   2581 |   4752 |   9 | 1159.6 |
        Temple |      1 |      1 |      0 |      0 |      0 |   1 |    1.0 |
          Lair |   1249 |   1205 |     44 |    342 |    622 |   2 |  624.5 |
  Orcish Mines |     12 |     12 |      0 |      0 |      0 |   1 |   12.0 |
        Bailey |    830 |    830 |      0 |    399 |     72 |   1 |  830.0 |
      Ice Cave |    251 |    251 |      0 |    207 |      0 |   1 |  251.0 |
               +--------+--------+--------+--------+--------+-----+--------+

Top non-repeatable levels by time:
     D:9: 1439 daAuts
     D:8: 1426 daAuts
     D:7: 1261 daAuts
     D:4: 1257 daAuts
  Lair:1: 1148 daAuts
     D:2: 1114 daAuts
     D:3: 1042 daAuts
     D:6: 1037 daAuts
     D:5: 1001 daAuts
     D:1: 856 daAuts
  Bailey: 830 daAuts
   IceCv: 251 daAuts
  Lair:2: 100 daAuts
   Orc:1: 12 daAuts
  Temple: 1 daAuts
